 Dungeon Crawl Stone Soup version 0.21.1-1-g345015f (webtiles) character file.

2954 Mgcat the Cleaver (level 9, -11/91 HPs)
             Began as a Deep Dwarf Fighter on Feb 8, 2018.
             Was an Initiate of Makhleb.
             Mangled by a two-headed ogre
             ... wielding a +0 giant club
              (12 damage)
             ... on level 7 of the Dungeon on Feb 9, 2018.
             The game lasted 00:35:07 (7628 turns).

Mgcat the Cleaver (Deep Dwarf Fighter)              Turns: 7628, Time: 00:35:09

Health: -11/91     AC: 10    Str: 20    XL:     9   Next: 52%
Magic:  9/9        EV:  7    Int:  9    God:    Makhleb [......]
Gold:   407        SH:  9    Dex: 15    Spells: 8/8 levels left

rFire    . . .     SeeInvis .   r - +3 dagger (vamp) {!w}
rCold    . . .     Gourm    .   c - +0 shield
rNeg     . . .     Faith    .   b - +0 scale mail
rPois    .         Spirit   .   q - +0 helmet
rElec    .         Reflect  .   l - +0 cloak
rCorr    .         Harm     .   (no gloves)
MR       +....                  n - +0 pair of boots
Stlth    ..........             (no amulet)
HPRegen  0.00/turn              J - ring of loudness (curse) {Stlth-}
MPRegen  0.11/turn              (no ring)

@: non-regenerating
A: damage resistance, heal wounds, sense surroundings 2, no regeneration
a: Heal Wounds, Renounce Religion


You were on level 7 of the Dungeon.
You worshipped Makhleb.
Makhleb was noncommittal.
You were hungry.

You visited 2 branches of the dungeon, and saw 9 of its levels.
You also visited: Sewer.

You collected 407 gold pieces.

Inventory:

Hand Weapons
 a - a +1 war axe
 r - a +3 vampiric dagger (weapon) {!w}
   (You took it off a kobold in a sewer)
Missiles
 x - 2 tomahawks (quivered)
 I - a throwing net {=f, !d}
Armour
 b - a +0 scale mail (worn)
 c - a +0 shield (worn)
 l - a +0 cloak (worn)
   (You found it on level 1 of the Dungeon)
 n - a +0 pair of boots (worn)
   (You found it on level 1 of the Dungeon)
 q - a +0 helmet (worn)
   (You found it on level 2 of the Dungeon)
Jewellery
 J - a cursed ring of loudness (left hand) {Stlth-}
   (You found it on level 7 of the Dungeon)
Wands
 k - a wand of polymorph (5)
   (You took it off Pikel on level 5 of the Dungeon)
 z - a wand of digging (14)
   (You found it on level 4 of the Dungeon)
Scrolls
 d - 3 scrolls of fog
 e - 6 scrolls of blinking {!r}
 o - 7 scrolls of identify
 p - a scroll of fear {unknown}
 u - a scroll of magic mapping {!r}
 v - 3 scrolls of teleportation
 w - 3 scrolls of remove curse
 y - 2 scrolls of enchant weapon
 B - a scroll of brand weapon {unknown}
 C - a scroll of acquirement {unknown}
 D - a scroll of enchant armour {unknown}
 E - a scroll of random uselessness {unknown}
 H - a scroll of noise {unknown}
Potions
 g - 4 potions of brilliance {unknown}
 h - a potion of berserk rage {unknown}
 i - 3 potions of heal wounds
 j - a potion of lignification {unknown}
 m - 3 potions of mutation {unknown}
 s - 2 potions of curing {unknown}
 t - a potion of magic {unknown}
 A - a potion of might
 G - a potion of ambrosia {unknown}
 K - a potion of resistance {unknown}
Comestibles
 f - 19 rations


   Skills:
 + Level 9.1 Fighting
 + Level 10.4 Axes
 - Level 3.2 Armour
 - Level 3.2 Shields


You had 8 spell levels left.
You didn't know any spells.

Dungeon Overview and Level Annotations

Branches:
Dungeon (8/15)             Temple (1/1) D:7
   Lair: D:8-11

Altars:
Ashenzari
Cheibriados
Dithmenos
Elyvilon
Fedhas
Gozag
Hepliaklqana
Kikubaaqudgha
Makhleb
Nemelex Xobeh
Okawaru
Qazlal
Ru
Sif Muna
Trog
Uskayaw
Vehumet
Wu Jian
Xom
Yredelemnul
Zin
The Shining One

Shops:
D:5 %

Annotations:
D:2 1 runed door


Innate Abilities, Weirdness & Mutations

You are resistant to damage.
You can heal yourself by infusing magical energy.
You passively map the area around you.
You do not regenerate.


Message History

You closely miss the quasit.
The quasit is moderately wounded.
You block the quasit's attack. x2
The quasit claws you but does no damage.
You hit the quasit but do no damage.
The quasit is moderately wounded.
You block the quasit's attack. The quasit claws you.
The quasit claws you but does no damage.
The quasit barely misses you. x2; You block the quasit's attack.
You miss the quasit.
The quasit is moderately wounded.
The quasit barely misses you. The quasit closely misses you.
The quasit claws you but does no damage.
You miss the quasit.
The quasit is moderately wounded.
You block the quasit's attack.
The quasit claws you but does no damage. x2
Your shield and scale mail prevent you from hitting the quasit.
The quasit is moderately wounded.
You block the quasit's attack. The quasit closely misses you.
The quasit claws you but does no damage.
The quasit closely misses you. x2; You block the quasit's attack.
You completely miss the quasit.
The quasit is moderately wounded.
The quasit completely misses you.
The quasit claws you but does no damage.
You block the quasit's attack.
You hit the quasit.
The quasit is severely wounded.
The quasit bites you but does no damage.
The quasit claws you but does no damage. x2
You closely miss the quasit.
The quasit is severely wounded.
The quasit bites you but does no damage.
The quasit closely misses you. x2; You block the quasit's attack.
The quasit claws you but does no damage.
The quasit closely misses you.
You hit the quasit.
The quasit is severely wounded.
You block the quasit's attack. x2
The quasit claws you but does no damage.
You hit the quasit.
The quasit is almost dead.
The quasit barely misses you. x2
The quasit claws you but does no damage.
You block the quasit's attack. x2
The quasit claws you but does no damage.
You miss the quasit.
The quasit is almost dead.
The quasit bites you but does no damage.
You block the quasit's attack. x2
You hit the quasit.
You kill the quasit!
Makhleb accepts your kill.
f - 19 rations (gained 1)
A two-headed ogre comes into view. It is wielding two giant clubs.
The two-headed ogre shouts in stereo!
Throwing (i - inventory):
x - 5 tomahawks (quivered)
Press: ? - help, Shift-Dir - straight line, f - two-headed ogre
Aim: a two-headed ogre, wielding two giant clubs You throw a tomahawk.
The tomahawk hits the two-headed ogre but does no damage.
A phantom comes into view.
Throwing (i - inventory):
x - 4 tomahawks (quivered)
Press: ? - help, Shift-Dir - straight line, f/p - two-headed ogre
Aim: a two-headed ogre, wielding two giant clubs You throw a tomahawk.
The tomahawk hits the two-headed ogre.
The two-headed ogre is lightly wounded.
The phantom blinks!
There is a stone staircase leading up here.
Throwing (i - inventory):
x - 3 tomahawks (quivered)
Press: ? - help, Shift-Dir - straight line, f/p - two-headed ogre
Aim: a two-headed ogre, wielding two giant clubs You throw a tomahawk.
The tomahawk hits the two-headed ogre.
The two-headed ogre is lightly wounded.
The two-headed ogre barely misses you.
The two-headed ogre hits you with a giant club!
Your shield and scale mail prevent you from hitting the two-headed ogre.
The two-headed ogre is lightly wounded.
The two-headed ogre hits you with a giant club!
The two-headed ogre hits you but does no damage.
You barely miss the two-headed ogre.
The two-headed ogre is lightly wounded.
The two-headed ogre closely misses you.
The two-headed ogre hits you with a giant club!
* * * LOW HITPOINT WARNING * * *
You fail to use your ability.
The two-headed ogre hits you with a giant club!!
* * * LOW HITPOINT WARNING * * *
You block the two-headed ogre's attack.
You climb upwards.
There is a stone staircase leading down here.
You see here a spear.
Things that are here:
a club; a ring mail; a spear You see here a whip.
The two-headed ogre hits you with a giant club.
* * * LOW HITPOINT WARNING * * *
The two-headed ogre hits you with a giant club!
You die...

#########...##
##...# #...#
############..##
##..............#
.'...........#..##
##...........#...#
#...........#.#O#
#.###########.#@##
#.#.........#....#
#.#.#######.#....#
#.#.#
#.#....########
#.#.#
#.#.#.........#
#.#.#####
#.#.#..######.#
#.).....#
#.#.##.######.#
###.###.#
#.#...>....##.#
#.....#
#.###.####.##.#


You could see a two-headed ogre.

Vanquished Creatures
  Pikel (D:5)
  The ghost of jazmu the Grave Robber, an amateur DsNe (D:3)
  2 water moccasins
  2 sky beasts
  2 ice beasts (D:6)
  A black bear (D:6)
  7 big kobolds
  A gnoll sergeant (D:7)
  A scorpion (D:5)
  3 howler monkeys
  3 crimson imps (D:6)
  3 hounds (D:5)
  A quasit (D:8)
  A jelly (D:7)
  The ghost of SaintRoka the Sneak, a weakling VSIE (D:4)
  A bullfrog skeleton (D:6)
  A bullfrog zombie (D:7)
  2 orc priests
  A centaur skeleton (D:6)
  A gnoll shaman (D:7)
  3 orc wizards
  4 worker ants
  A killer bee zombie (D:5)
  10 gnolls
  9 adders
  A shadow imp (D:5)
  4 oozes
  2 adder zombies
  An adder skeleton (D:6)
  9 worms
  2 dart slugs
  8 leopard geckos
  11 orcs
  13 bats
  7 giant cockroaches
  5 goblins
  6 hobgoblins
  4 jackals (D:3)
  2 quokkas (D:7)
  3 ball pythons (Sewer)
  A ball python skeleton (D:4)
  4 frilled lizards
  A jackal zombie (D:5)
  13 kobolds
  A leopard gecko skeleton (D:6)
  A leopard gecko zombie (D:6)
  A quokka zombie (D:5)
  10 rats
173 creatures vanquished.

Vanquished Creatures (others)
  A crimson imp (D:5)
  A shadow imp (D:5)
  An orc (D:5)
  A kobold (D:5)
4 creatures vanquished.

Grand Total: 177 creatures vanquished

Notes
Turn   | Place    | Note
-------+----------+-------------------------------------------
     0 | D:1      | Mgcat the Deep Dwarf Fighter began the quest for the Orb.
     0 | D:1      | Reached XP level 1. HP: 20/20 MP: 1/1
   270 | D:1      | Reached skill level 3 in Fighting
   274 | D:1      | Reached XP level 2. HP: 23/28 MP: 2/2
  1116 | D:2      | Found an ancient bone altar of Kikubaaqudgha.
  1130 | D:2      | Reached skill level 3 in Axes
  1130 | D:2      | Reached XP level 3. HP: 24/34 MP: 3/3
  1504 | D:2      | Found a runed door.
  1785 | D:3      | Noticed jazmu's ghost (amateur DsNe)
  1798 | D:3      | Killed jazmu's ghost
  1798 | D:3      | Reached skill level 4 in Fighting
  1798 | D:3      | Reached skill level 4 in Axes
  1798 | D:3      | Reached XP level 4. HP: 33/44 MP: 4/4
  1798 | D:3      | Reached XP level 5. HP: 38/50 MP: 5/5
  1971 | D:3      | Found a glowing drain.
  1975 | Sewer    | Entered a sewer
  2124 | Sewer    | Reached skill level 5 in Axes
  2124 | Sewer    | Reached XP level 6. HP: 31/58 MP: 6/6
  2283 | Sewer    | Reached skill level 5 in Fighting
  2536 | Sewer    | Reached skill level 6 in Axes
  2574 | Sewer    | Reached XP level 7. HP: 63/67 MP: 7/7
  3774 | D:4      | Reached skill level 6 in Fighting
  3983 | D:4      | Reached skill level 7 in Axes
  4054 | D:4      | Noticed SaintRoka's ghost (weakling VSIE)
  4092 | D:4      | Killed SaintRoka's ghost
  4309 | D:5      | Entered Level 5 of the Dungeon
  4370 | D:5      | Reached XP level 8. HP: 49/78 MP: 8/8
  4766 | D:5      | Found Olias's Food Shop.
  4813 | D:5      | Noticed Pikel
  4847 | D:5      | Killed Pikel
  4847 | D:5      | Reached skill level 7 in Fighting
  4847 | D:5      | Reached skill level 8 in Axes
  5268 | D:6      | Reached skill level 9 in Axes
  5290 | D:6      | Reached skill level 8 in Fighting
  5506 | D:6      | Gained mutation: You passively map the area around you. [Deep Dwarf growth]
  5506 | D:6      | Reached XP level 9. HP: 45/88 MP: 9/9
  5600 | D:6      | HP: 21/88 [orc priest/nerve-wracking pain (5)]
  5873 | D:6      | Found a sparkling altar of Nemelex Xobeh.
  6284 | D:7      | Reached skill level 10 in Axes
  6944 | D:7      | Reached skill level 9 in Fighting
  7035 | D:7      | Found a staircase to the Ecumenical Temple.
  7058 | Temple   | Entered the Ecumenical Temple
  7116 | Temple   | Became a worshipper of Makhleb the Destroyer
  7529 | D:8      | Noticed a two-headed ogre
  7550 | D:8      | HP: 5/91 [two-headed ogre/giant club (20)]
  7628 | D:7      | HP: 1/91 [two-headed ogre/giant club (4)]
  7628 | D:7      | Mangled by a two-headed ogre

Skill      XL: |  1  2  3  4  5  6  7  8  9 |
---------------+----------------------------+-----
Fighting       | 3 4 5 6 8 9 |  9.1
Axes           | 3 4 5 6 7 9 10 | 10.4
Armour         | |  3.2
Shields        | |  3.2

Action                   |  1- 3 |  4- 6 |  7- 9 || total
-------------------------+-------+-------+-------++-------
Melee: War axe           |   126 |   133 |       ||   259
       Dagger            |       |    93 |  1041 ||  1134
       Unarmed           |       |       |     8 ||     8
Throw: Tomahawk          |       |       |    12 ||    12
 Abil: Heal Wounds       |     1 |       |     1 ||     2
  Use: Scroll            |     8 |       |     1 ||     9
       Potion            |     1 |       |       ||     1
 Stab: Confused          |       |       |     2 ||     2
  Eat: Chunk             |     3 |     2 |    17 ||    22
       Ration            |       |     2 |       ||     2
Armor: Scale mail        |    76 |    58 |   435 ||   569
       Skin              |       |       |     1 ||     1
Dodge: Dodged            |    34 |    37 |   260 ||   331
Block: Shield            |    70 |    83 |   443 ||   596

Vault maps used:
D:1:      lightli_arrival_maybe_door_vault
D:2:      kiku_gazebo_pond_becter, first_ration, uniq_crazy_yiuf_cottage
D:3:      gup_sewer_entry_spiral
D:5:      serial_shops, shop, uniq_pikel
D:6:      black_bear_nest_2, nemelex_diamond_rough_becter
D:7:      temple_statues
D:8:      grunt_pizzeria, uniq_grum, uniq_erica
Temple:   kilobyte_greek_temple
Sewer:    sewer_co_tree

Table legend:
 A = Turns spent in this place as a percentage of turns spent in the entire game.
 B = Non-inter-level travel turns spent in this place as a percentage of non-inter-level travel turns spent in the entire game.
 C = Inter-level travel turns spent in this place as a percentage of turns spent in this place.
 D = Turns resting spent in this place as a percentage of non-inter-level travel turns spent in this place.
 E = Turns spent auto-exploring this place as a percentage of non-inter-level travel turns spent in this place.
 F = Non-inter-level travel turns spent in this place divided by the number of levels of this place that you've seen.
                   A       B       C       D       E      F
               +-------+-------+-------+-------+-------+----------------------
         Total | 100.0 | 100.0 |   2.8 |   5.6 |  57.3 | 741.7
       Dungeon |  87.8 |  87.4 |   3.2 |   6.4 |  58.1 | 810.6
        Temple |   2.2 |   2.3 |   0.0 |   0.0 |  76.6 | 167.0
         Sewer |  10.0 |  10.3 |   0.0 |   0.0 |  46.1 | 765.0
               +-------+-------+-------+-------+-------+----------------------

Table legend:
 A = Kills in this place as a percentage of kills in entire the game.
 B = Kills by you in this place as a percentage of kills by you in the entire game.
 C = Kills by friends in this place as a percentage of kills by friends in the entire game.
 D = Other kills in this place as a percentage of other kills in the entire game.
 E = Experience gained in this place as a percentage of experience gained in the entire game.
 F = Experience gained in this place divided by the number of levels of this place that you have seen.
                   A       B       C       D       E      F
               +-------+-------+-------+-------+-------+----------------------
         Total | 100.0 | 100.0 |   N/A | 100.0 | 100.0 | 422.1
       Dungeon |  83.9 |  83.8 |   N/A | 100.0 |  84.1 | 443.6
         Sewer |  16.1 |  16.2 |   N/A |   0.0 |  15.9 | 672.0
               +-------+-------+-------+-------+-------+----------------------
